 Dungeon Crawl Stone Soup version 0.21.1-1-g345015f (webtiles) character file.

12562 Kandryn the Basher (level 11, -9/111 HPs)
             Began as a Troll Berserker on June 21, 2018.
             Was a High Priest of Trog.
             Mangled by a seven-headed hydra (10 damage)
             ... on level 12 of the Dungeon.
             The game lasted 01:12:54 (11939 turns).

Kandryn the Basher (Troll Berserker)               Turns: 11939, Time: 01:12:55

Health: -9/111     AC:  7    Str: 31    XL:     11   Next: 64%
Magic:  10/10      EV: 14    Int:  1    God:    Trog [*****.]
Gold:   550        SH:  0    Dex: 12    Spells: 10/10 levels left

rFire    . . .     SeeInvis +   l - +10 eveningstar of Traps {elec, +Inv rPois Str+2 Int-2}
rCold    . . .     Gourm    +   (no shield)
rNeg     . . .     Faith    .   b - +1 animal skin
rPois    +         Spirit   .   (helmet restricted)
rElec    .         Reflect  .   y - +0 cloak
rCorr    .         Harm     .   (gloves unavailable)
MR       .....                  (boots unavailable)
Stlth    ++........             (no amulet)
HPRegen  0.68/turn              w - +2 ring of dexterity
MPRegen  0.12/turn              G - ring of see invisible

@: no status effects
A: large, unfitting armour, claws 3, fast metabolism 3, gourmand, regeneration
1, shaggy fur 1, tough skin 2
a: Berserk, Trog's Hand, Brothers in Arms, Burn Spellbooks, Renounce Religion,
Evoke Invisibility


You were on level 12 of the Dungeon.
You worshipped Trog.
Trog was extremely pleased with you.
You were full.

You visited 1 branch of the dungeon, and saw 12 of its levels.

You collected 550 gold pieces.

Inventory:

Hand Weapons
 a - a +1 mace
 e - a +3 mace of crushing
 l - the +10 eveningstar of Traps (weapon) {elec, +Inv rPois Str+2 Int-2}
   (You acquired it on level 9 of the Dungeon)

   Occasionally, upon striking a foe, it will discharge some electrical energy
   and cause terrible harm.
   It affects your strength (+2).
   It affects your intelligence (-2).
   It protects you from poison.
   It lets you turn invisible.
 n - a +1 flail of protection
 M - a +2 hand axe of flaming
 S - a +2 whip of draining
 U - a cursed -1 flail
 V - a +5 flail of freezing
Armour
 b - a +1 animal skin (worn)
 y - a +0 cloak (worn)
Jewellery
 d - an uncursed amulet of faith
 h - an uncursed amulet of harm
 i - a +6 ring of intelligence
 r - an uncursed amulet of the gourmand
 u - an uncursed ring of resist corrosion
 w - a +2 ring of dexterity (left claw)
 x - an uncursed ring of flight {unknown}
 E - an uncursed ring of stealth
 G - a ring of see invisible (right claw)
 J - an uncursed amulet of rage {unknown}
 L - a cursed amulet of inaccuracy {unknown}
 P - an uncursed ring of stealth
 R - a cursed ring of teleportation {unknown}
Wands
 k - a wand of iceblast (6)
 q - a wand of flame (17)
 s - a wand of digging (13)
 t - a wand of random effects (40)
 B - a wand of disintegration (12)
 D - a wand of acid (21)
 H - a wand of clouds (6)
 I - a wand of scattershot (7)
Scrolls
 f - 4 scrolls of enchant armour
 o - 6 scrolls of teleportation
 p - 4 scrolls of fog
 v - 6 scrolls of remove curse
 z - a scroll of blinking
 A - 2 scrolls of random uselessness
 C - a scroll of magic mapping
 K - 2 scrolls of identify
 T - a scroll of fear
Potions
 g - 3 potions of curing
 F - a potion of lignification {unknown}
 N - 2 potions of cancellation
 W - a potion of agility {unknown}
Books
 j - a book of Maledictions

   Spells                             Type                      Level
   a - Corona                         Hexes                        1
   b - Ensorcelled Hibernation        Hexes/Ice                    2
   c - Confuse                        Hexes                        3
   d - Tukima's Dance                 Hexes                        3
   e - Dazzling Spray                 Conjuration/Hexes            3
   Trog disapproves of the use of such an item.
 m - a book of Changes

   Spells                             Type                      Level
   a - Beastly Appendage              Transmutation                1
   b - Sticks to Snakes               Transmutation                2
   c - Spider Form                    Transmutation/Poison         3
   d - Ice Form                       Ice/Transmutation            4
   e - Blade Hands                    Transmutation                5
   Trog disapproves of the use of such an item.
 O - a book of Air

   Spells                             Type                      Level
   a - Shock                          Conjuration/Air              1
   b - Swiftness                      Charms/Air                   2
   c - Static Discharge               Conjuration/Air              3
   d - Airstrike                      Air                          4
   e - Lightning Bolt                 Conjuration/Air              5
   Trog disapproves of the use of such an item.
 Q - a book of Geomancy

   Spells                             Type                      Level
   a - Sandblast                      Earth                        1
   b - Passwall                       Transmutation/Earth          2
   c - Stone Arrow                    Conjuration/Earth            3
   d - Petrify                        Transmutation/Earth          4
   e - Lee's Rapid Deconstruction     Earth                        5
   Trog disapproves of the use of such an item.
Comestibles
 c - 29 rations


   Skills:
 + Level 7.8 Fighting
 + Level 12.0 Maces & Flails
 + Level 8.0 Dodging
 + Level 3.0 Stealth
 + Level 0.8 Evocations


You had 10 spell levels left.
You didn't know any spells.

Dungeon Overview and Level Annotations

Branches:
Dungeon (12/15)            Temple (0/1) D:4            Lair (0/6) D:8
    Orc (0/2) D:9

Altars:
Ashenzari
Elyvilon
Hepliaklqana
Nemelex Xobeh
Okawaru
Ru
Sif Muna
Uskayaw
The Shining One

Shops:
D:4 :


Innate Abilities, Weirdness & Mutations

You are too large for most types of armour.
You have claws for hands.
Your metabolism is lightning-fast.
You like to eat raw meat.
Your natural rate of healing is unusually fast.
You are covered in fur. (AC +1)
You have very tough skin. (AC +2)


Message History

The seven-headed hydra bites you. x2
The seven-headed hydra barely misses you. x2
The seven-headed hydra bites you!
The seven-headed hydra bites you but does no damage.
There is a stone staircase leading up, spattered with blood here.
You bludgeon the seven-headed hydra!!
The seven-headed hydra is moderately wounded.
The seven-headed hydra bites you. The seven-headed hydra bites you! x2
* * * LOW HITPOINT WARNING * * *
The seven-headed hydra bites you.
* * * LOW HITPOINT WARNING * * *
The seven-headed hydra closely misses you.
The seven-headed hydra misses you.
The seven-headed hydra completely misses you.
The seven-headed hydra bites you!
* * * LOW HITPOINT WARNING * * *
The seven-headed hydra bites you.
* * * LOW HITPOINT WARNING * * *
The seven-headed hydra bites you!
You die...

######.....#.#....
#.................
#.####...........######
#...................)..
.#######...........######
.......'...........#
.#######...........#
#.D.........#
#@..........#
#...........#
#...........#
##.########## #.#
#.######## #.........
##########


You could see a seven-headed hydra.

Vanquished Creatures
  2 two-headed ogres (D:10)
  An unseen horror (D:11)
  2 ugly things
  A manticore (D:11)
  Psyche (D:12)
  2 trolls (D:11)
  Grinder (D:6)
  2 dream sheep (D:8)
  5 hippogriffs
  A shadow (D:11)
  A wyvern (D:8)
  2 yaks (D:8)
  A hungry ghost (D:11)
  Edmund (D:4)
  A soldier ant (D:10)
  2 wargs (D:8)
  A water moccasin (D:11)
  3 sky beasts
  A phantom (D:11)
  6 orc warriors
  An eye of draining (D:10)
  6 ogres
  5 centaurs
  4 big kobolds
  5 bullfrogs
  Blork the orc (D:5)
  4 scorpions
  2 water moccasin skeletons
  20 killer bees (D:10)
  10 wights
  An electric eel (D:6)
  5 crimson imps
  A bullfrog zombie (D:7)
  3 orc priests
  8 hounds
  5 jellies
  Crazy Yiuf (D:6)
  11 orc wizards
  3 bullfrog skeletons
  Terence (D:2)
  11 worker ants
  7 iguanas
  2 killer bee zombies
  A hound skeleton (D:10)
  A hound zombie (D:6)
  A worker ant zombie (D:7)
  16 adders
  6 gnolls (D:5)
  3 shadow imps
  An ooze (D:1)
  3 adder skeletons
  2 adder zombies
  2 worms
  5 leopard geckos
  39 orcs
  11 bats
  4 giant cockroaches
  5 goblins
  A hobgoblin (D:3)
  11 jackals
  15 kobolds
  6 quokkas
  4 ball pythons
  6 frilled lizards
  A jackal skeleton (D:4)
  2 quokka skeletons
  A quokka zombie (D:7)
  9 rats
310 creatures vanquished.

Vanquished Creatures (others)
  A plant (D:8)
1 creature vanquished.

Grand Total: 311 creatures vanquished

Notes
Turn   | Place    | Note
-------+----------+-------------------------------------------
     0 | D:1      | Kandryn the Troll Berserker began the quest for the Orb.
     0 | D:1      | Reached XP level 1. HP: 22/22 MP: 0/0
   215 | D:1      | Reached XP level 2. HP: 29/29 MP: 1/1
   289 | D:1      | Reached skill level 3 in Maces & Flails
   359 | D:1      | Reached ** piety under Trog
   705 | D:2      | Reached XP level 3. HP: 35/36 MP: 2/2
   876 | D:2      | Reached XP level 4. HP: 33/45 MP: 3/3
  1023 | D:2      | Found a hazy altar of Hepliaklqana.
  1050 | D:2      | Found an iron altar of Okawaru.
  1226 | D:2      | Found a shattered altar of Ashenzari.
  1375 | D:2      | Noticed Terence
  1409 | D:2      | Killed Terence
  1409 | D:2      | Reached XP level 5. HP: 53/53 MP: 4/4
  1779 | D:3      | Reached skill level 4 in Maces & Flails
  2109 | D:3      | Found a hide-covered altar of Uskayaw.
  2252 | D:3      | Reached *** piety under Trog
  2579 | D:4      | Noticed an ogre
  2658 | D:4      | Killed an ogre
  2658 | D:4      | Reached XP level 6. HP: 30/61 MP: 5/5
  2734 | D:4      | Found a staircase to the Ecumenical Temple.
  2843 | D:4      | Noticed Edmund
  2884 | D:4      | Killed Edmund
  2912 | D:4      | Reached skill level 5 in Maces & Flails
  2960 | D:4      | Reached XP level 7. HP: 49/68 MP: 6/6
  3124 | D:4      | Found Xanakor's Book Shoppe.
  3299 | D:4      | Found a sparkling altar of Nemelex Xobeh.
  3309 | D:4      | Found a sacrificial altar of Ru.
  3393 | D:5      | Entered Level 5 of the Dungeon
  3432 | D:5      | Noticed Blork the orc
  3646 | D:5      | Killed Blork the orc
  3646 | D:5      | Reached skill level 6 in Maces & Flails
  3923 | D:5      | Reached skill level 1 in Stealth
  4209 | D:6      | Reached XP level 8. HP: 77/78 MP: 7/7
  4509 | D:6      | Reached skill level 7 in Maces & Flails
  4543 | D:6      | Noticed Grinder
  4548 | D:6      | Paralysed by Grinder for 5 turns
  4565 | D:6      | Killed Grinder
  4720 | D:6      | Reached **** piety under Trog
  4813 | D:6      | Found a runed door.
  4820 | D:6      | Noticed Crazy Yiuf
  4833 | D:6      | Killed Crazy Yiuf
  5131 | D:7      | Reached skill level 5 in Dodging
  5570 | D:7      | Reached skill level 8 in Maces & Flails
  5785 | D:7      | Found a deep blue altar of Sif Muna.
  5846 | D:7      | Noticed a hippogriff
  5858 | D:7      | Killed a hippogriff
  5858 | D:7      | Reached XP level 9. HP: 71/87 MP: 8/8
  6094 | D:8      | Reached skill level 5 in Fighting
  6477 | D:8      | Reached skill level 9 in Maces & Flails
  6548 | D:8      | Found a staircase to the Lair.
  6956 | D:8      | Reached XP level 10. HP: 98/98 MP: 9/9
  6987 | D:8      | Noticed a three-headed hydra
  7069 | D:8      | Found a glowing golden altar of the Shining One.
  7069 | D:8      | Found a white marble altar of Elyvilon.
  7431 | D:9      | Found a staircase to the Orcish Mines.
  7703 | D:9      | Reached skill level 10 in Maces & Flails
  7947 | D:9      | Identified a scroll of acquirement
  7954 | D:9      | Got a smoking eveningstar
  7955 | D:9      | Identified the +10 eveningstar of Traps {elec, +Inv rPois Str+2 Int-2} (You acquired it on level 9 of the Dungeon)
  8023 | D:10     | Entered Level 10 of the Dungeon
  8108 | D:10     | Noticed a two-headed ogre
  8114 | D:10     | Killed a two-headed ogre
  9189 | D:10     | Reached ***** piety under Trog
  9474 | D:10     | Reached skill level 11 in Maces & Flails
  9501 | D:10     | Reached XP level 11. HP: 109/109 MP: 10/10
  9559 | D:10     | Noticed a two-headed ogre
  9569 | D:10     | Killed a two-headed ogre
 10060 | D:11     | Noticed a cyan ugly thing
 10084 | D:11     | Killed a cyan ugly thing
 10232 | D:11     | HP: 5/109 [centaur/arrow (5)]
 10398 | D:11     | Noticed an unseen horror
 10402 | D:11     | Killed an unseen horror
 11141 | D:12     | Noticed Psyche
 11436 | D:12     | Killed Psyche
 11547 | D:12     | Noticed a seven-headed hydra
 11655 | D:12     | Noticed a white ugly thing
 11665 | D:12     | Killed a white ugly thing
 11665 | D:12     | Reached skill level 12 in Maces & Flails
 11939 | D:12     | HP: 5/111 [seven-headed hydra (10)]
 11939 | D:12     | HP: 1/111 [seven-headed hydra (4)]
 11939 | D:12     | Mangled by a seven-headed hydra

Skill      XL: |  1  2  3  4  5  6  7  8  9 10 11 |
---------------+----------------------------------+-----
Maces & Flails | 3 4 5 6 8 9 11 12 | 12.0
Fighting       | 3 4 6 7 |  7.8
Dodging        | 3 4 5 6 7 8 |  8.0
Stealth        | 1 2 3 |  3.0
Evocations     | |  0.8

Action                   |  1- 3 |  4- 6 |  7- 9 | 10-12 || total
-------------------------+-------+-------+-------+-------++-------
Melee: Mace              |   109 |   159 |       |       ||   268
       Flail             |       |    16 |   463 |   105 ||   584
       Eveningstar       |       |       |       |   226 ||   226
Invok: Berserk           |       |     2 |     3 |     4 ||     9
       Trog's Hand       |       |       |     2 |     1 ||     3
Evoke: Wand              |       |       |     9 |       ||     9
  Use: Scroll            |     7 |     3 |     3 |     6 ||    19
       Potion            |       |       |     6 |     2 ||     8
 Stab: Sleeping          |       |       |     4 |     6 ||    10
  Eat: Chunk             |     7 |    24 |    44 |    48 ||   123
       Ration            |       |       |       |     1 ||     1
Armor: Animal skin       |    71 |    62 |   167 |   116 ||   416
Dodge: Dodged            |    80 |    83 |   261 |   312 ||   736
